 Dungeon Crawl Stone Soup version 0.18.1-5-g4a78601 (webtiles) character file.

1194 Ijustatesigmund the Skirmisher (level 8, -3/73 HPs)
             Began as a Minotaur Fighter on May 9, 2016.
             Killed from afar by an electric eel (9 damage)
             ... with a bolt of electricity
             ... on level 6 of the Dungeon.
             The game lasted 00:13:39 (5362 turns).

Ijustatesigmund the Skirmisher (Minotaur Fighter)   Turns: 5362, Time: 00:13:39

Health: -3/73      AC:  8    Str: 20    XL:     8   Next: 20%
Magic:  7/7        EV:  9    Int:  9    God:
Gold:   351        SH: 10    Dex: 12    Spells: 0 memorised, 7 levels left

rFire  . . .     SeeInvis .     m - -2 hand axe (curse)
rCold  . . .     Gourm    .     b - +0 scale mail
rNeg   . . .     Faith    .     c - +0 shield
rPois  .         Spirit   .     (helmet restricted)
rElec  .         Dismiss  .     C - +0 cloak
rCorr  .         Reflect  .     (no gloves)
SustAt .         Harm     .     (no boots)
MR     .....     Rnd*Tele +     (no amulet)
Stlth  ..........               i - ring of teleportation (curse)
                                e - +3 ring of intelligence (curse)

@: not resistant to hostile enchantments, extremely unstealthy
A: retaliatory headbutt, horns 2
a: no special abilities


You were on level 6 of the Dungeon.
You were hungry.

You visited 2 branches of the dungeon, and saw 7 of its levels.
You also visited: Sewer.

You collected 351 gold pieces.

Inventory:

Hand Weapons
 a - a +1 war axe
 m - a cursed -2 hand axe (weapon)
 r - a +2 hand axe of electrocution
Armour
 b - a +0 scale mail (worn)
 c - a +0 shield (worn)
 C - a +0 cloak (worn)
Jewellery
 e - a cursed +3 ring of intelligence (left hand)
 i - a cursed ring of teleportation (right hand)
 A - an uncursed ring of positive energy
 B - a +3 ring of strength {unknown}
Wands
 k - a wand of iceblast (10/15)
 l - a wand of iceblast (14/15)
 u - a wand of disintegration (21/24)
Scrolls
 q - 5 scrolls of fog
 t - 2 scrolls of amnesia
 v - 3 scrolls of teleportation
 y - a scroll of enchant weapon
Potions
 d - 2 potions of might
 h - 4 potions of flight
 n - 4 potions of curing
 o - a potion of resistance
 p - a potion of agility
 x - a potion of lignification
 z - 2 potions of brilliance {unknown}
 D - a potion of invisibility {unknown}
Comestibles
 f - 3 bread rations
 g - 2 beef jerkies
 j - a meat ration
 s - a slice of pizza


   Skills:
 + Level 7.5 Fighting
 + Level 7.2 Axes
 + Level 5.5 Armour
 + Level 3.1 Dodging
 + Level 5.5 Shields


You had 7 spell levels left.
You didn't know any spells.

Dungeon Overview and Level Annotations

Branches:
Dungeon (6/15)             Temple (1/1) D:5

Altars:
Ashenzari
Dithmenos
Elyvilon
Fedhas
Gozag
Kikubaaqudgha
Makhleb
Nemelex Xobeh
Okawaru
Qazlal
Trog
Vehumet
Xom
Zin
The Shining One


Innate Abilities, Weirdness & Mutations

You reflexively headbutt those who attack you in melee.
You have a pair of horns on your head.


Message History

The plant is severely damaged.
You hit the plant but do no damage.
The electric eel shoots out a bolt of lightning at you!
The bolt of electricity hits you!
* * * LOW HITPOINT WARNING * * *
Drink which item? (? for menu, Esc to quit)
Okay, then.
Read which item? (? for menu, Esc to quit)
As you read the scroll of fear, it crumbles to dust.
You assume a fearsome visage.
The electric eel looks frightened!
Cornered, the electric eel turns to fight!
The electric eel shoots out a bolt of lightning at you!
The bolt of electricity hits the plant. x2; The plant appears unharmed.
The bolt of electricity hits you!
* * * LOW HITPOINT WARNING * * *
The electric eel shoots out a bolt of lightning at you!
The bolt of electricity hits the plant. x2; The bolt of electricity hits you!
* * * LOW HITPOINT WARNING * * *
The bolt of electricity hits you!
You die...

#.# ### #.#
#... ######.#
≈≈.## #......#
♣♣♣♣≈≈♣#.######
PP≈≈≈♣P≈P≈P#
≈≈≈≈P≈≈≈≈≈≈♣
≈≈≈≈♣P≈♣≈≈♣♣##
≈≈≈≈≈≈♣P≈≈≈♣@#
≈≈≈≈≈≈≈≈≈≈≈≈≈♣
≈≈≈≈≈≈P≈≈≈≈≈♣♣
≈≈≈≈≈P≈≈≈≈P≈♣
≈≈≈≈≈≈≈≈PP♣≈♣
≈≈≈≈≈≈P≈≈;♣≈#
≈≈P≈≈≈≈≈≈≈≈#.
≈≈≈≈≈≈≈♣♣♣P#.#
♣≈P≈♣P≈ ...#


You could see an electric eel.

Vanquished Creatures
  A sky beast (D:6)
  A phantom (D:5)
  2 ogres
  2 scorpions (D:4)
  A vampire bat (D:5)
  A howler monkey (D:4)
  A crimson imp (D:5)
  A giant frog zombie (D:4)
  2 orc priests (D:4)
  A giant frog skeleton (D:5)
  4 worker ants
  A hound skeleton (D:5)
  Robin (D:3)
  13 adders
  2 gnolls (D:2)
  2 river rats (Sewer)
  3 oozes
  A worm (D:5)
  A dart slug (D:3)
  3 fire bats (D:5)
  4 giant geckos
  11 orcs
  2 spectral bats (D:5)
  3 bat skeletons (D:5)
  A bat zombie (D:5)
  5 giant cockroaches
  18 goblins
  6 hobgoblins
  10 jackals
  A quokka (D:3)
  5 ball pythons
  15 bats
  A bat simulacrum (D:5)
  A giant gecko skeleton (D:4)
  8 giant newts
  9 kobolds
  A quokka skeleton (D:4)
  28 rats
173 creatures vanquished.

Notes
Turn   | Place    | Note
--------------------------------------------------------------
     0 | D:1      | Ijustatesigmund the Minotaur Fighter began the quest for the Orb.
     0 | D:1      | Reached XP level 1. HP: 19/19 MP: 0/0
   123 | D:1      | Reached XP level 2. HP: 22/27 MP: 1/1
   394 | D:1      | Reached XP level 3. HP: 33/33 MP: 2/2
   786 | D:2      | Found an iron altar of Okawaru.
   807 | D:2      | Reached XP level 4. HP: 31/41 MP: 3/3
   964 | D:2      | Found a shimmering altar of Xom.
  1099 | D:2      | Reached skill level 5 in Fighting
  1270 | D:3      | Noticed Robin
  1853 | D:3      | Reached XP level 5. HP: 40/48 MP: 4/4
  2025 | D:3      | Reached skill level 5 in Axes
  2043 | D:3      | Killed Robin
  2650 | D:4      | Reached XP level 6. HP: 42/57 MP: 5/5
  2676 | D:4      | Found a glowing drain.
  2739 | Sewer    | Entered a sewer
  3657 | D:4      | Reached skill level 1 in Dodging
  3666 | D:4      | Reached XP level 7. HP: 64/64 MP: 6/6
  3814 | D:4      | Found a burning altar of Makhleb.
  4170 | D:5      | Entered Level 5 of the Dungeon
  4581 | D:5      | Gained mutation: Your magical capacity is low (-10% MP). [potion of mutation]
  4581 | D:5      | Gained mutation: You are robust (+10% HP). [potion of mutation]
  4581 | D:5      | Lost mutation: You are robust (+10% HP). [potion of mutation]
  4582 | D:5      | Gained mutation: You regenerate slowly when monsters are visible. [potion of mutation]
  4582 | D:5      | Gained mutation: You are resistant to electric shocks. [potion of mutation]
  4582 | D:5      | Lost mutation: Your magical capacity is low (-10% MP). [potion of mutation]
  4583 | D:5      | Lost mutation: You regenerate slowly when monsters are visible. [potion of cure mutation]
  4583 | D:5      | Lost mutation: You are resistant to electric shocks. [potion of cure mutation]
  4598 | D:5      | Found a staircase to the Ecumenical Temple.
  4607 | Temple   | Entered the Ecumenical Temple
  4776 | D:5      | Reached skill level 5 in Armour
  4776 | D:5      | Reached skill level 5 in Shields
  5135 | D:5      | Reached XP level 8. HP: 71/73 MP: 7/7
  5362 | D:6      | Killed from afar by an electric eel

Skill      XL: |  1  2  3  4  5  6  7  8 |
---------------+-------------------------+-----
Fighting       | 4 5 6 7 |  7.5
Axes           | 3 4 5 6 7 |  7.2
Dodging        | 1 2 3 |  3.1
Armour         | 4 5 |  5.5
Shields        | 4 5 |  5.5

Action                   |  1- 3 |  4- 6 |  7- 9 || total
-------------------------+-------+-------+-------++-------
Melee: War axe           |    78 |     1 |       ||    79
       Headbutt          |    15 |    54 |    40 ||   109
       Hand axe          |       |   280 |   206 ||   486
Evoke: Wand              |       |     1 |       ||     1
  Use: Scroll            |     6 |    12 |     4 ||    22
       Potion            |       |     3 |     4 ||     7
  Eat: Chunk             |       |     7 |     5 ||    12
       Fruit             |       |     2 |       ||     2
       Royal jelly       |       |     1 |       ||     1
Armor: Scale mail        |    33 |   111 |   105 ||   249
Dodge: Dodged            |    23 |    60 |    66 ||   149
Block: Shield            |    44 |   130 |   120 ||   294
